 Dungeon Sprint DCSS version 0.28-a0-1382-g92835e5c71 (webtiles) character file.

Game seed: 1763849222730203827

1443 mhtbhm the Basher (level 8, -1/91 HPs)
             Began as a Gargoyle Berserker on Jan 1, 2022.
             Was a High Priest of Trog.
             Slain by a two-headed ogre (8 damage)
             ... in the Dungeon (Sprint III: "The Ten Rune Challenge").
             The game lasted 00:01:42 (1023 turns).

mhtbhm the Basher (Gargoyle Berserker)              Turns: 1023, Time: 00:01:43

Health: -1/91      AC: 14    Str: 20    XL:     8   Next: 74%
Magic:  8/8        EV: 11    Int:  9    God:    Trog [*****.]
Gold:   37         SH:  3    Dex:  9    Spells: 7/7 levels left

rFire   + . .      SeeInvis .   a - +0 mace
rCold   . . .      Faith    .   j - +0 buckler
rNeg    + . .      Spirit   .   b - +0 ring mail
rPois   ∞          Reflect  .   (no helmet)
rElec   +          Harm     .   (no cloak)
rCorr   .          Rampage  .   (no gloves)
Will    .....      Clarity  +   (no boots)
Stlth   .......... NoTele   +   (no amulet)
HPRegen 0.25/turn               (no ring)
MPRegen 0.11/turn               (no ring)

@: berserking (expiring), very quick
A: sickness immunity, AC +5, negative energy resistance 1, electricity
resistance, torment resistance 1, petrification resistance, iridescent scales 1,
clarity, fire resistance 1, high mp 1, weak 1
a: Renounce Religion, Berserk, Trog's Hand, Brothers in Arms


You were in the Dungeon.
You worshipped Trog.
Trog was extremely pleased with you.
You visited 1 branch You collected 37 gold pieces.

Inventory:

Hand Weapons
 a - a +0 mace (weapon)
Armour
 b - a +0 ring mail (worn)
 j - a +0 buckler (worn)
Scrolls
 h - a scroll of blinking
 l - 2 scrolls of holy word {unknown}
 m - 4 scrolls of identify
Potions
 c - 2 potions of curing
 d - a potion of mutation
 e - a potion of haste
 f - 2 potions of magic
 g - a potion of berserk rage
 i - a potion of lignification {unknown}
 k - a potion of degeneration {unknown}
 n - a potion of resistance {unknown}
 o - a potion of heal wounds
Miscellaneous
 p - a piece from Xom's chessboard (15/15)


   Skills:
 + Level 12.3 Fighting
 + Level 13.3 Maces & Flails
 + Level 6.6 Armour
 + Level 5.1 Dodging
 + Level 0.2 Stealth
 + Level 1.7 Shields


You had 7 spell levels left.
You didn't know any spells.
Your spell library was empty.

Dungeon Overview and Level Annotations

Branches:
Dungeon (1/1)

Altars:
Cheibriados
Dithmenos
Elyvilon
Fedhas
Gozag
Hepliaklqana
Kikubaaqudgha
Makhleb
Nemelex Xobeh
Okawaru
Qazlal
Ru
Sif Muna
Trog
Uskayaw
Vehumet
Wu Jian
Xom
Yredelemnul
Zin
The Shining One
Beogh
Jiyva
Lugonu


Innate Abilities, Weirdness & Mutations

You are immune to sickness and miasma.
Your stone body is resilient. (AC +5)
You are immune to poison.
You resist negative energy. (rN+)
You are resistant to electric shocks. (rElec)
You are resistant to unholy torment.
You are immune to petrification.
You are partially covered in iridescent scales. (AC +2)
You possess an exceptional clarity of mind.
Your flesh is heat resistant. (rF+)
You have an increased reservoir of magic. (+10% MP)
You are weak. (Str -2)


Message History

You are too injured to fight recklessly!
You are too injured to fight recklessly!
You are too injured to fight recklessly!
You are too injured to fight recklessly!
You are too injured to fight recklessly!
You are too injured to fight recklessly!
You are too injured to fight recklessly!
You are too injured to fight recklessly!
You are too injured to fight recklessly!
You sock the two-headed ogre!
The two-headed ogre is almost dead.
You hit the two-headed ogre.
You kill the two-headed ogre!
Trog accepts your kill.
Your piece from Xom's chessboard (15/15) has regained two charges.
Unknown command.
Unknown command.
You completely miss something. You sock something! Something hits you. x2
You bludgeon something!! You hit something. You closely miss something.
Something hits you!
* * * LOW HITPOINT WARNING * * *
Something hits you.
* * * LOW HITPOINT WARNING * * *
You barely miss something. You hit something but do no damage.
Something barely misses you. Something hits you!
* * * LOW HITPOINT WARNING * * *
Unknown command.
You hit something. Trog accepts your kill.
Reactivating autopickup.
You feel a bit more experienced.
You hit the two-headed ogre but do no damage.
Unknown command.
You sock the two-headed ogre!
The two-headed ogre is heavily wounded.
The two-headed ogre hits you with a +0 giant spiked club!
You die...

.#..###'#)###)##
'#..#.....÷....#
#...'.⌠.)).....#
#...#...######'#
....#.⌠.#__#...# #
....#...#__#...# #.#
....#'###__#...## ..
....#.).#__#...'##.#
....#___#__'...#@O.#
▓▓▓▓▓▓▓▓▓▓▓▓▓▓▓▓▓▓▓▓


You could see a two-headed ogre.

Vanquished Creatures
  A deep elf pyromancer (D)
  A shadow (D)
  A spatial vortex (D)
  A necrophage (D)
  2 two-headed ogres (D)
  A scorpion (D)
  A water elemental (D)
  A jelly (D)
  A wizard (D)
  Jessica (D)
  A necromancer (D)
  3 humans (D)
  A kobold demonologist (D)
  3 rats (D)
19 creatures vanquished.

Notes
Turn   | Place    | Note
-------+----------+-------------------------------------------
     0 | D        | mhtbhm the Gargoyle Berserker began the quest for the Orb.
     0 | D        | Reached XP level 1. HP: 14/14 MP: 1/1
    33 | D        | Reached ** piety under Trog
    50 | D        | Noticed Jessica
    53 | D        | Killed Jessica
    54 | D        | Reached skill level 5 in Fighting
    54 | D        | Reached skill level 4 in Maces & Flails
    54 | D        | Reached XP level 2. HP: 21/21 MP: 2/2
    54 | D        | Reached XP level 3. HP: 26/26 MP: 3/3
    93 | D        | Noticed a scorpion
    98 | D        | Killed a scorpion
    99 | D        | Reached skill level 6 in Maces & Flails
    99 | D        | Reached XP level 4. HP: 32/32 MP: 4/4
   349 | D        | Gained mutation: You are clumsy. (Dex -2) [potion of
                  | mutation]
   350 | D        | Lost mutation: You are clumsy. (Dex -2) [potion of
                  | mutation]
   350 | D        | Gained mutation: You are weak. (Str -2) [potion of
                  | mutation]
   350 | D        | Gained mutation: You have hidden genetic defects. [potion
                  | of mutation]
   350 | D        | Gained mutation: You are partially covered in iridescent
                  | scales. (AC +2) [potion of mutation]
   351 | D        | Lost mutation: You have hidden genetic defects. [potion of
                  | mutation]
   351 | D        | Gained mutation: You possess an exceptional clarity of
                  | mind. [potion of mutation]
   351 | D        | Gained mutation: Your flesh is heat resistant. (rF+)
                  | [potion of mutation]
   351 | D        | Gained mutation: You have an increased reservoir of magic.
                  | (+10% MP) [potion of mutation]
   356 | D        | Noticed a water elemental
   361 | D        | Killed a water elemental
   362 | D        | Reached skill level 7 in Maces & Flails
   362 | D        | Reached XP level 5. HP: 37/39 MP: 5/5
   459 | D        | Found a radiant altar of Vehumet.
   459 | D        | Found a shimmering blue altar of Sif Muna.
   459 | D        | Found an ancient bone altar of Kikubaaqudgha.
   464 | D        | Noticed an ice devil
   466 | D        | Reached *** piety under Trog
   475 | D        | Reached skill level 8 in Maces & Flails
   522 | D        | Found a basalt altar of Yredelemnul.
   522 | D        | Found a shadowy altar of Dithmenos.
   522 | D        | Found a sacrificial altar of Ru.
   522 | D        | Noticed a necrophage
   525 | D        | Reached **** piety under Trog
   526 | D        | Reached XP level 6. HP: 45/45 MP: 6/6
   529 | D        | Killed a necrophage
   530 | D        | Reached skill level 9 in Maces & Flails
   589 | D        | Found a hide-covered altar of Uskayaw.
   589 | D        | Found an iron altar of Okawaru.
   589 | D        | Found a bloodstained altar of Trog.
   589 | D        | Found an ornate altar of the Wu Jian Council.
   589 | D        | Noticed a human
   590 | D        | Noticed a human
   597 | D        | Killed a human
   598 | D        | Reached skill level 10 in Maces & Flails
   598 | D        | Reached skill level 5 in Armour
   598 | D        | Reached XP level 7. HP: 52/52 MP: 7/7
   603 | D        | Killed a human
   604 | D        | Reached skill level 10 in Fighting
   604 | D        | Reached skill level 11 in Maces & Flails
   604 | D        | Reached skill level 1 in Shields
   743 | D        | Found a glowing silver altar of Zin.
   743 | D        | Found a glowing golden altar of the Shining One.
   743 | D        | Found a white marble altar of Elyvilon.
   744 | D        | Noticed a deep elf pyromancer
   749 | D        | Killed a deep elf pyromancer
   749 | D        | Reached ***** piety under Trog
   750 | D        | Reached skill level 12 in Maces & Flails
   750 | D        | Reached XP level 8. HP: 60/60 MP: 8/8
   804 | D        | Noticed a shadow
   814 | D        | Killed a shadow
   950 | D        | Found a blossoming altar of Fedhas.
   950 | D        | Found a stormy altar of Qazlal.
   950 | D        | Found a snail-covered altar of Cheibriados.
   950 | D        | Found a burning altar of Makhleb.
   950 | D        | Found a shimmering altar of Xom.
   951 | D        | Found a hazy altar of Hepliaklqana.
   951 | D        | Found an opulent altar of Gozag.
   951 | D        | Found a sparkling altar of Nemelex Xobeh.
   951 | D        | Found a corrupted altar of Lugonu.
   951 | D        | Found a viscous altar of Jiyva.
   961 | D        | Reached skill level 13 in Maces & Flails
   961 | D        | Reached skill level 5 in Dodging
  1023 | D        | Slain by a two-headed ogre

Illustrated notes

Levels and vault maps discovered:
D:        dungeon_sprint_mu [sprint_mu_entry_cave, sprint_mu_temple_rooms,
          sprint_mu_d1_spiders, sprint_mu_d2_genie, sprint_mu_d3_branching,
          sprint_mu_orc_legion, sprint_mu_elf_gauntlet, sprint_mu_hive_nellie,
          sprint_mu_lair_fedhas, sprint_mu_vaults_butterflies,
          sprint_mu_slime_circle, sprint_mu_shoals_kraken,
          sprint_mu_snake_twists, sprint_mu_blade_basic,
          sprint_mu_crypt_fortress, sprint_mu_tomb_spiral,
          sprint_mu_vestibule_basic, sprint_mu_gehenna_hellfire,
          sprint_mu_dis_giant, sprint_mu_tartarus_statrot,
          sprint_mu_cocytus_islands, sprint_mu_zot1]

Skill      XL: |  1  2  3  4  5  6  7  8 |
---------------+-------------------------+-----
Fighting       | 5 6 7 8 9 11 12 | 12.3
Maces & Flails | 4 6 7 8 10 12 13 | 13.3
Armour         | 3 4 5 6 |  6.6
Dodging        | 2 3 4 5 |  5.1
Shields        | 1 |  1.7
Stealth        | |  0.2

Action                   |  1- 3 |  4- 6 |  7- 9 || total
-------------------------+-------+-------+-------++-------
Melee: Mace              |    10 |    44 |    41 ||    95
Invok: Berserk           |     2 |     4 |     3 ||     9
Evoke: Piece from Xom's  |       |       |     2 ||     2
  Use: Potion            |       |     4 |       ||     4
Armor: Animal skin       |     3 |    11 |       ||    14
       Ring mail         |       |       |     3 ||     3
Dodge: Dodged            |     6 |    15 |    10 ||    31
Block: Buckler           |       |     4 |     3 ||     7

Table legend: (Time is in decaauts)
 A = Elapsed time spent in this place.
 B = Non-inter-level travel time spent in this place.
 C = Inter-level travel time spent in this place.
 D = Time resting spent in this place.
 E = Time spent auto-exploring this place.
 F = Levels seen in this place.
 G = Mean time per level.
                   A        B        C        D        E       F      G
               +--------+--------+--------+--------+--------+-----+--------+
         Total |   1098 |   1098 |      0 |    770 |     17 |   1 | 1098.0 |
       Dungeon |   1098 |   1098 |      0 |    770 |     17 |   1 | 1098.0 |
               +--------+--------+--------+--------+--------+-----+--------+

Top non-repeatable levels by time:
       D: 1098 daAuts
